 Dungeon Crawl Stone Soup version 0.23-a0-650-ga4d50d4 (console) character file.

4830 swinepaste the Nimble (level 10, -2/56 HPs)
             Began as an Octopode Venom Mage on Jan 4, 2019.
             Slain by a manticore (shapeshifter) (7 damage)
             ... on level 8 of the Dungeon.
             The game lasted 00:24:43 (7261 turns).

swinepaste the Nimble (Octopode Venom Mage)         Turns: 7261, Time: 00:24:43

Health: -2/56      AC:  1    Str:  7      XL:     10   Next: 49%
Magic:  18/26      EV: 19    Int: 21      God:
Gold:   444        SH:  0    Dex: 12 (13) Spells: 9/19 levels left

rFire    . . .     SeeInvis .   a - +2 dagger (venom)
rCold    + . .     Gourm    .   (no shield)
rNeg     . . .     Faith    .   (helmet restricted)
rPois    .         Spirit   .   h - amulet of regeneration
rElec    .         Reflect  .   m - ring of magical power
rCorr    .         Harm     .   n - ring of protection from cold
MR       .....                  (no ring)
Stlth    +++.......             (no ring)
HPRegen  0.58/turn              (no ring)
MPRegen  0.20/turn              (no ring)
                                (no ring)
                                (no ring)

@: barbed spikes
A: almost no armour, stealthy swim, amphibious, 8 rings, constrict 8, camouflage
1, gelatinous body 1
a: no special abilities


You were on level 8 of the Dungeon.
You were very hungry.

You visited 2 branches of the dungeon, and saw 11 of its levels.

You collected 444 gold pieces.

Inventory:

Hand Weapons
 a - a +2 dagger of venom (weapon)
 p - a +0 dagger
 B - the +2 spear of Exoneration {pierce, rF+}
   (You found it on level 7 of the Dungeon)

   It inflicts extra damage upon your enemies.
   It protects you from fire.
Jewellery
 h - an amulet of regeneration (around mantle)
 m - a ring of magical power (left tentacle)
 n - a ring of protection from cold (right tentacle)
Wands
 c - a wand of enslavement (13)
 y - a wand of flame (41)
Scrolls
 d - 3 scrolls of amnesia
 k - 5 scrolls of identify
 l - 2 scrolls of enchant armour
 q - a scroll of enchant weapon
 r - 6 scrolls of teleportation
 u - a scroll of remove curse
 v - 2 scrolls of magic mapping
 w - a scroll of acquirement {unknown}
 x - a scroll of vulnerability {unknown}
Potions
 e - 3 potions of lignification
 f - 3 potions of cancellation {unknown}
 g - 4 potions of haste
 i - 4 potions of degeneration {unknown}
 j - 3 potions of curing {unknown}
 o - a potion of heal wounds {unknown}
 s - 2 potions of agility {unknown}
 A - a potion of berserk rage {unknown}
Comestibles
 b - 12 rations


   Skills:
 + Level 10.9 Dodging
 - Level 2.6 Stealth
 - Level 5.0 Spellcasting
 - Level 3.2 Conjurations
 - Level 3.3 Air Magic
 - Level 10.1 Poison Magic


You had 9 spell levels left.
You knew the following spells:

 Your Spells              Type           Power        Failure   Level  Hunger
q - Mephitic Cloud        Conj/Pois/Air  ####....     3%          3    ##.....
t - Sting                 Conj/Pois      ####         1%          1    None
w - Poisonous Vapours     Pois/Air       ####..       1%          2    None
R - Olgreb's Toxic Radia  Pois           #####...     1%          4    ####...

Your spell library contained the following spells:

 Spells                   Type           Power        Failure   Level  Hunger
 Venom Bolt               Conj/Pois      ####......   19%         5    #####..


Dungeon Overview and Level Annotations

Branches:
Dungeon (10/15)            Temple (1/1) D:6
   Lair: D:8-11         Orc: D:9-12

Altars:
Ashenzari
Cheibriados
Dithmenos
Elyvilon
Hepliaklqana
Kikubaaqudgha
Makhleb
Nemelex Xobeh
Okawaru
Qazlal
Sif Muna
Trog
Vehumet
Wu Jian
Xom
Yredelemnul
Zin
The Shining One


Innate Abilities, Weirdness & Mutations

You cannot wear most types of armour.
You are very stealthy in the water. (Stealth+)
You are amphibious.
You can wear up to eight rings at the same time.
You can use your tentacles to constrict eight enemies at once.
Your skin changes colour to match your surroundings (Stealth+).
Your rubbery body absorbs attacks. (AC +1, EV +1)


Message History

The manticore looks even sicker.
The manticore is engulfed in noxious fumes.
You hit the manticore but do no damage.
The manticore looks as sick as possible!
The manticore is heavily wounded.
The manticore looks as sick as possible!
The manticore is engulfed in noxious fumes.
The manticore appears confused.
The manticore bites you! The manticore completely misses you.
The manticore claws you!
* * * LOW HITPOINT WARNING * * *
You strike the helpless manticore from behind!
You hit the manticore.
The manticore looks as sick as possible!
The manticore is severely wounded.
The manticore looks as sick as possible!
Your toxic aura wanes.
You hit the manticore.
The manticore is almost dead.
The manticore bites you!
You die...

#.#..#..#..#..#.
#..###...###...
#.#..#..#...
#...###..##..
#.#..#.......
#.#..........
#.#○##.......
#.#..#.......
#.#Hx#....###
#.####....# #..
....# #.. ....#
#...#


You could see a manticore shaped shifter (confused).

Vanquished Creatures
  Harold (D:7)
  Joseph (D:7)
  A queen bee (D:9)
  A hornet (D:10)
  Grum (D:9)
  2 ice beasts
  2 orc warriors (D:7)
  2 sky beasts
  A phantom (D:6)
  3 ogres
  2 wolves (D:9)
  A crocodile (D:10)
  4 bullfrogs
  2 scorpions
  13 killer bees
  A wight (D:6)
  4 crimson imps
  A quasit (D:10)
  3 jellies
  6 orc priests
  4 hounds
  6 orc wizards
  2 centaur skeletons
  5 worker ants
  7 gnolls
  6 adders
  3 shadow imps
  An ooze (D:2)
  An adder skeleton (D:4)
  A worm (D:5)
  3 dart slugs
  3 leopard geckos
  22 orcs
  9 bats
  4 giant cockroaches
  5 goblins
  12 hobgoblins
  18 jackals
  3 quokkas
  5 ball pythons
  5 frilled lizards
  2 jackal skeletons
  A jackal zombie (D:5)
  6 kobolds
  A leopard gecko zombie (D:6)
  A quokka skeleton (D:7)
  8 rats
196 creatures vanquished.

Vanquished Creatures (collateral kills)
  2 wights (D:6)
2 creatures vanquished.

Vanquished Creatures (others)
  A wight (D:6)
1 creature vanquished.

Grand Total: 199 creatures vanquished

Notes
Turn   | Place    | Note
-------+----------+-------------------------------------------
     0 | D:1      | swinepaste the Octopode Venom Mage began the quest for the
                  | Orb.
     0 | D:1      | Reached XP level 1. HP: 11/11 MP: 3/3
   118 | D:1      | Reached XP level 2. HP: 10/17 MP: 0/5
   124 | D:1      | Learned a level 2 spell: Poisonous Vapours
   694 | D:1      | Reached XP level 3. HP: 21/21 MP: 4/6
  1079 | D:1      | Learned a level 3 spell: Mephitic Cloud
  1400 | D:2      | Reached XP level 4. HP: 27/27 MP: 7/7
  1756 | D:2      | Reached skill level 5 in Poison Magic
  1968 | D:3      | Reached skill level 1 in Air Magic
  1978 | D:3      | Reached XP level 5. HP: 31/31 MP: 9/9
  2847 | D:3      | Learned a level 4 spell: Olgreb's Toxic Radiance
  2860 | D:4      | Reached XP level 6. HP: 36/36 MP: 10/10
  3199 | D:4      | Found a burning altar of Makhleb.
  3313 | D:4      | Reached XP level 7. HP: 41/41 MP: 11/11
  3469 | D:5      | Entered Level 5 of the Dungeon
  4226 | D:6      | Reached XP level 8. HP: 29/46 MP: 14/14
  4261 | D:6      | Found a staircase to the Ecumenical Temple.
  4280 | Temple   | Entered the Ecumenical Temple
  4768 | D:6      | Found a deep blue altar of Sif Muna.
  5207 | D:7      | Got a brightly glowing spear
  5208 | D:7      | Identified the cursed +2 spear of Exoneration {pierce, rF+}
                  | (You found it on level 7 of the Dungeon)
  5247 | D:7      | Reached skill level 5 in Spellcasting
  5247 | D:7      | Reached skill level 10 in Poison Magic
  5407 | D:7      | Reached XP level 9. HP: 10/51 MP: 16/16
  5506 | D:7      | Noticed Joseph
  5532 | D:7      | Killed Joseph
  5532 | D:7      | Reached skill level 5 in Dodging
  5714 | D:7      | Noticed Harold
  5737 | D:7      | Killed Harold
  5858 | D:7      | Found a radiant altar of Vehumet.
  6173 | D:7      | You fall through a shaft for 3 floors!
  6173 | D:10     | Entered Level 10 of the Dungeon
  6177 | D:10     | Noticed a hornet
  6185 | D:10     | Killed a hornet
  6185 | D:10     | Reached XP level 10. HP: 56/56 MP: 17/17
  6236 | D:10     | Found a glowing golden altar of the Shining One.
  6276 | D:9      | Reached skill level 10 in Dodging
  6494 | D:9      | Noticed Grum
  6508 | D:9      | Killed Grum
  7249 | D:8      | Noticed a guardian serpent
  7249 | D:8      | a meliai changed into a guardian serpent
  7255 | D:8      | Noticed a manticore
  7255 | D:8      | a guardian serpent changed into a manticore
  7261 | D:8      | Slain by a manticore (shapeshifter)

Vault maps used:
D:1:      dpeg_arrival_court, minmay_hexomino_p4
D:4:      nicolae_overflow_crystal_walls, chequers_serial_rivers_room_a
D:5:      first_ration
D:6:      temple_doors_cd, basic_altar
D:7:      marbit_many_paths, uniq_harold, uniq_joseph
D:8:      chequers_temple_overflow_statue_of_worship, serial_rivers,
          chequers_serial_rivers_large_a, chequers_serial_rivers_micro_b,
          chequers_serial_rivers_micro_b, chequers_serial_rivers_micro_c,
          hex_tiny, kennysheep_doodads, minmay_manual_mail
D:9:      kennysheep_mini, grunt_lair_entry_orc_guard_hut, serial_column_ruins,
          column_ruins_hut, column_ruins_hut, column_ruins_open_small,
          column_ruins_open_tiny_water, column_ruins_columns_straight,
          column_ruins_corridor_corner, column_ruins_open_tiny_water,
          gammafunk_ghost_grave, david_nohive_1, uniq_psyche, uniq_grum
D:10:     enter_trove_0, tso_metal_star, uniq_snorg
Temple:   regret_index_temple_generic_petals

Skill      XL: |  1  2  3  4  5  6  7  8  9 10 |
---------------+-------------------------------+-----
Poison Magic   | 4 5 6 8 10 | 10.1
Conjurations   | 2 3 |  3.2
Air Magic      | 1 3 |  3.3
Spellcasting   | 3 4 5 |  5.0
Dodging        | 3 9 10 | 10.9
Stealth        | |  2.6

Action                   |  1- 3 |  4- 6 |  7- 9 | 10-12 || total
-------------------------+-------+-------+-------+-------++-------
Melee: Unarmed           |    46 |       |       |       ||    46
       Constrict         |    14 |    16 |    17 |     8 ||    55
       Tentacles         |     8 |    10 |    20 |     5 ||    43
       Dagger            |     6 |    53 |   110 |    59 ||   228
 Cast: Sting             |    54 |    44 |    50 |    11 ||   159
       Poisonous Vapours |     1 |    10 |    21 |    16 ||    48
       Olgreb's Toxic Ra |       |     4 |    16 |    11 ||    31
       Mephitic Cloud    |       |       |     5 |     2 ||     7
Evoke: Wand              |       |       |    22 |       ||    22
  Use: Scroll            |       |       |    11 |       ||    11
 Stab: Sleeping          |     2 |     2 |     6 |     4 ||    14
       Paralysed         |       |       |     1 |       ||     1
       Confused          |       |       |     1 |     1 ||     2
  Eat: Chunk             |     2 |     7 |     9 |     4 ||    22
       Ration            |       |       |     1 |       ||     1
Armor: Skin              |     5 |     1 |     7 |     2 ||    15
Dodge: Dodged            |    34 |    36 |    57 |    57 ||   184

Table legend:
 A = Non-vault XP
 B = Vault XP
 C = Vault XP percentage of total XP
 D = Non-vault monster count
 E = Vault monster count
 F = Vault count percentage of total count
                 A         B        C        D         E       F
            +---------+---------+-------+---------+---------+-------
      Total |    3892 |    3008 |  43.6 |     177 |      21 |  10.6
            +---------+---------+-------+---------+---------+-------
        D:1 |      49 |       3 |   5.8 |      29 |       2 |   6.5
        D:2 |      62 |       0 |   0.0 |      23 |       0 |   0.0
        D:3 |     199 |       0 |   0.0 |      21 |       0 |   0.0
        D:4 |     519 |       0 |   0.0 |      31 |       0 |   0.0
        D:5 |     159 |       0 |   0.0 |      11 |       0 |   0.0
        D:6 |     916 |       0 |   0.0 |      22 |       0 |   0.0
        D:7 |    1118 |    1487 |  57.1 |      26 |       3 |  10.3
        D:8 |     148 |       0 |   0.0 |       4 |       0 |   0.0
        D:9 |     209 |    1518 |  87.9 |       4 |      16 |  80.0
       D:10 |     513 |       0 |   0.0 |       6 |       0 |   0.0
            +---------+---------+-------+---------+---------+-------
